 Dungeon Crawl Stone Soup version 0.28-a0-94-g3252448 (webtiles) character file.

Game seed: 13244422756779527935

195 HDogLeCool the Skirmisher (level 5, 0/34 HPs)
             Began as a Gargoyle Abyssal Knight on Aug 6, 2021.
             Was a Believer of Lugonu.
             Slain by an orc wizard (1 damage)
             ... on level 4 of the Dungeon.
             The game lasted 00:05:49 (3400 turns).

HDogLeCool the Skirmisher (Gargoyle Abyssal Knight) Turns: 3400, Time: 00:05:50

Health: 0/34       AC: 17    Str: 16    XL:     5   Next: 74%
Magic:  7/7        EV:  5    Int: 13    God:    Lugonu [**....]
Gold:   81         SH:  0    Dex:  9    Spells: 4/4 levels left

rFire   . . .      SeeInvis .   a - +1 mace
rCold   . . .      Faith    .   (no shield)
rNeg    + . .      Spirit   .   n - +0 plate armour
rPois   ∞          Reflect  .   d - +0 helmet
rElec   +          Harm     .   h - +0 cloak
rCorr   .          Rampage  .   (no gloves)
Will    .....                   (no boots)
Stlth   ..........              (no amulet)
HPRegen 0.11/turn               (no ring)
MPRegen 0.10/turn               (no ring)

@: no status effects
A: sickness immunity, AC +4, negative energy resistance 1, electricity
resistance, torment resistance 1, petrification resistance
a: Renounce Religion, Depart the Abyss, Bend Space


You were on level 4 of the Dungeon.
You worshipped Lugonu.
Lugonu was pleased with you.
You visited 1 branch of the dungeon, and saw 4 of its levels.
You visited the Abyss 1 time.

You collected 81 gold pieces.

Inventory:

Hand Weapons
 a - a +1 mace (weapon)
Armour
 d - a +0 helmet (worn)
 h - a +0 cloak (worn)
 n - a +0 plate armour (worn)
 o - a +0 scale mail
Jewellery
 b - a +6 ring of intelligence
 i - a ring of wizardry
Scrolls
 c - 9 scrolls of identify {unknown}
 e - a scroll of enchant armour {unknown}
 j - a scroll of holy word {unknown}
 k - a scroll of fog {unknown}
 m - a scroll of noise {unknown}
 p - 2 scrolls of amnesia {unknown}
 q - a scroll of enchant weapon {unknown}
Potions
 f - a potion of curing {unknown}
 g - a potion of attraction {unknown}
 l - a potion of might {unknown}


   Skills:
 * Level 4.6 Fighting
 * Level 3.7 Maces & Flails
 + Level 3.2 Armour
 - Level 0.7 Dodging
 + Level 3.1 Invocations


You had 4 spell levels left.
You didn't know any spells.
Your spell library contained the following spells:

 Spells                   Type           Power      Damage    Failure   Level
 Conjure Flame            Conj/Fire      0%         6-21      100%        3
 Ignite Poison            Fire/Tmut/Pois 0%         N/A       100%        3
 Animate Dead             Necr           0%         N/A       100%        4
 Sticky Flame             Conj/Fire      0%         2d3       100%        4
 Haunt                    Necr/Summ      0%         N/A       100%        7
 Infestation              Necr           0%         N/A       100%        8


Dungeon Overview and Level Annotations

Branches:
Dungeon (4/15)
 Temple: D:4-7

Altars:
Dithmenos


Innate Abilities, Weirdness & Mutations

You are immune to sickness and miasma.
Your stone body is resilient. (AC +4)
You are immune to poison.
You resist negative energy. (rN+)
You are resistant to electric shocks. (rElec)
You are resistant to unholy torment.
You are immune to petrification.


Message History

The iguana bites you.
The orc wizard gestures wildly while chanting.
The orc wizard flickers and vanishes!
Deactivating autopickup; reactivate with Ctrl-A.
The iguana barely misses you.
You hit the iguana but do no damage.
The iguana is moderately wounded.
The iguana bites you!
You barely miss the iguana.
The iguana is moderately wounded.
The iguana barely misses you.
You hit the iguana but do no damage.
The iguana is moderately wounded.
The iguana bites you but does no damage.
You barely miss the iguana.
The iguana is moderately wounded.
The iguana bites you but does no damage.
You hit the iguana.
The iguana is severely wounded.
The iguana bites you.
The iguana bites you but does no damage.
You hit the iguana.
The iguana is severely wounded.
The iguana completely misses you.
You hit the iguana but do no damage.
The iguana is severely wounded.
The iguana bites you.
You closely miss the iguana.
The iguana is severely wounded.
The iguana bites you.
You hit the iguana but do no damage.
The iguana is severely wounded.
The iguana bites you. The iguana bites you!
* * * LOW HITPOINT WARNING * * *
You hit the iguana.
You kill the iguana!
Lugonu accepts your kill.
You hit something. Something hits you but does no damage.
You miss something. Something hits you but does no damage. Something hits you.
You die...

### #.. ..###############..
####.. ...........@)o.....
...... .#####.#########..
####.. #.........# #.....
###.##.####.###########.....
.......................).....
......#†#.......^.######.....
....#.#.#.###.....# #.....
....# #.#...#.....######.....
#+#.. #.###'######...........


You could see an orc.

Vanquished Creatures
  An iguana (D:4)
  An orc wizard (D:4)
  4 gnolls (D:4)
  2 adders
  An adder skeleton (D:4)
  A worm (D:2)
  3 dart slugs
  5 orcs
  7 bats
  7 endoplasms
  4 giant cockroaches
  3 goblins
  7 hobgoblins
  6 kobolds
  4 quokkas
  6 ball pythons
  5 frilled lizards
  6 rats
73 creatures vanquished.

Notes
Turn   | Place    | Note
-------+----------+-------------------------------------------
     0 | Abyss:1  | HDogLeCool the Gargoyle Abyssal Knight began the quest for
                  | the Orb.
     0 | Abyss:1  | Reached XP level 1. HP: 14/14 MP: 2/2
    54 | Abyss:1  | Noticed a large abomination
    55 | D:1      | Escaped the Abyss
   160 | D:1      | Reached * piety under Lugonu
   443 | D:1      | Reached XP level 2. HP: 19/19 MP: 3/3
   535 | D:1      | Found a faded altar of an unknown god.
   718 | D:1      | Reached XP level 3. HP: 17/23 MP: 4/4
  1655 | D:2      | Reached ** piety under Lugonu
  1790 | D:2      | Reached XP level 4. HP: 29/29 MP: 5/5
  1912 | D:3      | Reached skill level 4 in Fighting
  1971 | D:3      | Found a shadowy altar of Dithmenos.
  2904 | D:4      | Reached XP level 5. HP: 31/33 MP: 7/7
  3397 | D:4      | HP: 1/34 [iguana (11)]
  3400 | D:4      | Slain by an orc wizard

Illustrated notes

Levels and vault maps discovered:
D:1:      dpeg_arrival_three_smaller_balls, layout_loops_ring,
          shapermc_ecumenical_altar_flowoftime
D:2:      layout_basic
D:3:      layout_loops_cross, nicolae_dithmenos_the_darkroom
D:4:      layout_basic, minmay_temple_entry_from_below_a,
          roderic_nine_men_s_morris

Skill      XL: |  1  2  3  4  5 |
---------------+----------------+-----
Maces & Flails | 3 |  3.7
Fighting       | 4 |  4.6
Armour         | 3 |  3.2
Invocations    | 3 |  3.1
Dodging        | |  0.7

Action                   |  1- 3 |  4- 6 || total
-------------------------+-------+-------++-------
Melee: Mace              |   107 |   131 ||   238
Invok: Depart the Abyss  |     1 |       ||     1
Armor: Leather armour    |    41 |    14 ||    55
       Scale mail        |       |    20 ||    20
       Ring mail         |       |     2 ||     2
       Plate armour      |       |    38 ||    38
Dodge: Dodged            |    61 |    50 ||   111

Table legend: (Time is in decaauts)
 A = Elapsed time spent in this place.
 B = Non-inter-level travel time spent in this place.
 C = Inter-level travel time spent in this place.
 D = Time resting spent in this place.
 E = Time spent auto-exploring this place.
 F = Levels seen in this place.
 G = Mean time per level.
                   A        B        C        D        E       F      G
               +--------+--------+--------+--------+--------+-----+--------+
         Total |   3459 |   3360 |     99 |    283 |   2450 |   5 |  691.8 |
       Dungeon |   3404 |   3305 |     99 |    283 |   2397 |   4 |  851.0 |
         Abyss |     55 |     55 |      0 |      0 |     53 |   1 |   55.0 |
               +--------+--------+--------+--------+--------+-----+--------+

Top non-repeatable levels by time:
     D:1: 1234 daAuts
     D:4: 788 daAuts
     D:3: 730 daAuts
     D:2: 650 daAuts
 Abyss:1: 55 daAuts
